 Dungeon Crawl Stone Soup version 0.18-b1-14-g029dad2 (webtiles) character file.

63 otab the Bolt Thrower (level 3, 0/30 HPs)
             Began as a Minotaur Hunter on Apr 30, 2016.
             Slain by Robin
             ... wielding a +0 trident
              (8 damage)
             ... on level 2 of the Dungeon.
             The game lasted 00:01:29 (1244 turns).

otab the Bolt Thrower (Minotaur Hunter)             Turns: 1244, Time: 00:01:30

Health: 0/30       AC:  4    Str: 16    XL:     3   Next: 87%
Magic:  2/2        EV: 12    Int:  8    God:
Gold:   122        SH:  0    Dex: 11    Spells: 0 memorised, 2 levels left

rFire  . . .     SeeInvis .     a - +1 hand crossbow
rCold  . . .     Gourm    .     c - +0 leather armour
rNeg   . . .     Faith    .     (no shield)
rPois  .         Spirit   .     (helmet restricted)
rElec  .         Dismiss  .     (no cloak)
rCorr  .         Reflect  .     i - +0 pair of gloves
SustAt .         Harm     .     (no boots)
MR     .....                    (no amulet)
Stlth  +.........               (no ring)
                                (no ring)

@: not resistant to hostile enchantments, very unstealthy
A: retaliatory headbutt, horns 2
a: no special abilities


You were on level 2 of the Dungeon.
You were hungry.

You visited 1 branch of the dungeon, and saw 2 of its levels.

You collected 122 gold pieces.

Inventory:

Hand Weapons
 a - a +1 hand crossbow (weapon)
 b - a +0 short sword
Missiles
 d - 22 bolts (quivered)
Armour
 c - a +0 leather armour (worn)
 i - a +0 pair of gloves (worn)
Scrolls
 e - 3 scrolls of identify {unknown}
 h - 3 scrolls of recharging {unknown}
 j - a scroll of teleportation {unknown}
 k - a scroll of amnesia {unknown}
 l - a scroll of random uselessness {unknown}
 n - a scroll of remove curse {unknown}
 o - a scroll of enchant armour {unknown}
 p - a scroll of enchant weapon {unknown}
Potions
 g - 3 potions of brilliance {unknown}
 m - a potion of cancellation {unknown}
Comestibles
 f - 4 bread rations
 q - a meat ration


   Skills:
 + Level 2.6 Fighting
 + Level 5.8 Crossbows
 + Level 0.5 Armour
 + Level 2.3 Dodging
 - Level 0.7 Stealth


You had 2 spell levels left.
You didn't know any spells.

Dungeon Overview and Level Annotations

Branches:
Dungeon (2/15)

Altars:
Cheibriados

Annotations:
D:2 Robin


Innate Abilities, Weirdness & Mutations

You reflexively headbutt those who attack you in melee.
You have a pair of horns on your head.


Message History

Robin is severely wounded.
Robin throws the goblin at you! The goblin hits you.
Robin throws the goblin at you!
A goblin comes into view. It is wielding a club.
Firing (i - inventory):
d - 24 bolts (quivered)
Press: ? - help, Shift-Dir - straight line, f/p - Robin
Aim: Robin, wielding a trident, wearing an animal skin and wearing a runed helmet (severely wounded)
You shoot a bolt. The bolt misses the goblin.
The goblin closely misses you. x2
The goblin moves out of view.
Robin hits you from afar with a trident.
Firing (i - inventory):
d - 23 bolts (quivered)
Press: ? - help, Shift-Dir - straight line, f/p - goblin
Aim: a goblin, wielding a dagger (unusually strong)
You shoot a bolt. The bolt hits the goblin.
The goblin is heavily wounded.
The goblin hits you.
* * * LOW HITPOINT WARNING * * *
The goblin hits you but does no damage.
Robin hits you from afar with a trident!
You die...

#. #. #g (s #g #g
#)####
#@..##############
+gg.'........#....
#...########.#....
#...# #.#....
#...# #.#....
##### #.#....
#.#.... #.#...(
#.#....


You could see Robin, a giant cockroach, a hobgoblin and 3 goblins.

Vanquished Creatures
  2 adders (D:2)
  A worm (D:2)
  3 dart slugs
  2 ball pythons
  2 giant cockroaches
  8 goblins
  5 hobgoblins
  4 kobolds
  2 bats
  3 rats
32 creatures vanquished.

Vanquished Creatures (others)
  A rat (D:1)
1 creature vanquished.

Grand Total: 33 creatures vanquished

Notes
Turn   | Place    | Note
--------------------------------------------------------------
     0 | D:1      | otab the Minotaur Hunter began the quest for the Orb.
     0 | D:1      | Reached XP level 1. HP: 18/18 MP: 0/0
   157 | D:1      | Reached XP level 2. HP: 24/25 MP: 1/1
   634 | D:1      | Reached skill level 5 in Crossbows
  1056 | D:2      | Reached XP level 3. HP: 30/30 MP: 2/2
  1057 | D:2      | Found a snail-covered altar of Cheibriados.
  1236 | D:2      | Noticed Robin
  1244 | D:2      | Slain by Robin

Skill      XL: |  1  2 |
---------------+-------+-----
Crossbows      | 5 |  5.8
Fighting       | |  2.6
Armour         | |  0.5
Dodging        | |  2.3
Stealth        | |  0.7

Action                   || total
-------------------------++-------
 Fire: Hand crossbow     ||    61
Armor: Leather armour    ||     6
Dodge: Dodged            ||    10
